 Dungeon Crawl Stone Soup version 0.17-a0-2055-gb4e23be (webtiles) character file.

251 kae the Archer (level 5, -1/41 HPs)
             Began as a High Elf Hunter on Oct 11, 2015.
             Slain by Pikel
             ... wielding a +2 whip of electrocution
              (14 damage)
             ... on level 4 of the Dungeon.
             The game lasted 00:04:32 (2769 turns).

kae the Archer (High Elf Hunter)                    Turns: 2769, Time: 00:04:32

Health: -1/41      AC:  5    Str: 11    XL:     5   Next: 88%
Magic:  6/6        EV: 15    Int: 15    God:
Gold:   170        SH:  0    Dex: 16    Spells: 0 memorised, 4 levels left

rFire  . . .     SeeInvis .     a - +1 shortbow
rCold  . . .     Clarity  .     d - +0 leather armour
rNeg   . . .     SustAt   .     (no shield)
rPois  .         Gourm    .     f - +2 hat
rElec  .         Spirit   .     (no cloak)
rCorr  .         Warding  .     (no gloves)
rMut   .         Stasis   .     (no boots)
MR     .....                    (no amulet)
Stlth  ++........               (no ring)
                                (no ring)

@: not resistant to hostile enchantments, unstealthy
A: no striking features
a: no special abilities


You were on level 4 of the Dungeon.
You were hungry.

You visited 1 branch of the dungeon, and saw 4 of its levels.

You collected 170 gold pieces.

Inventory:

Hand Weapons
 a - a +1 shortbow (weapon)
 b - a +1 short sword of protection
 n - a +0 short sword
Missiles
 c - 39 arrows (quivered)
 h - 12 arrows of frost
Armour
 d - a +0 leather armour (worn)
 f - a +2 hat (worn)
Scrolls
 l - 2 scrolls of remove curse
 q - 2 scrolls of noise
 t - a scroll of teleportation
Potions
 g - 3 potions of invisibility
 o - a potion of haste
 p - a potion of cancellation {unknown}
Comestibles
 e - 2 bread rations
 r - 2 meat rations


   Skills:
 - Level 5.9 Fighting
 + Level 12.7 Bows
 - Level 6.4 Dodging
 - Level 1.1 Stealth


You had 4 spell levels left.
You didn't know any spells.

Dungeon Overview and Level Annotations

Branches:
Dungeon (4/15)
 Temple: D:4-7

Altars:
Fedhas

Annotations:
D:4 Pikel


Message History

Press: ? - help, Shift-Dir - straight line, f/p - Pikel
Aim: Pikel, wielding a whip of electrocution and wearing a runed robe (severely wounded)
You shoot an arrow. The arrow hits Pikel.
Pikel is almost dead.
Pikel hits you with a whip of electrocution!
Firing (i - inventory. (,) - cycle):
c - 41 arrows (quivered)
Press: ? - help, Shift-Dir - straight line, f/p - Pikel
Aim: Pikel, wielding a whip of electrocution and wearing a runed robe (severely wounded)
You shoot an arrow.
The arrow hits Pikel but does no damage.
Pikel is severely wounded.
Firing (i - inventory. (,) - cycle):
c - 40 arrows (quivered)
Press: ? - help, Shift-Dir - straight line, f/p - Pikel
Aim: Pikel, wielding a whip of electrocution and wearing a runed robe (severely wounded)
You shoot an arrow.
The arrow hits Pikel but does no damage.
Pikel is severely wounded.
Pikel hits you with a whip of electrocution!
You are electrocuted!
You die...

### #<# #.#
#.# #.# # #.#
#...########.#
>..(.((((ppK@#
.....#########
... #


You could see Pikel and 2 slaves.

Vanquished Creatures
  A slave (D:4)
  Jessica (D:2)
  Robin (D:2)
  3 adders
  3 orcs (D:2)
  A ball python (D:3)
  9 bats
  3 giant cockroaches
  10 hobgoblins
  10 kobolds
  3 giant newts
  12 goblins
  3 jackals (D:3)
  12 rats
72 creatures vanquished.

Notes
Turn   | Place    | Note
--------------------------------------------------------------
     0 | D:1      | kae the High Elf Hunter began the quest for the Orb.
     0 | D:1      | Reached XP level 1. HP: 14/14 MP: 2/2
   284 | D:1      | Reached XP level 2. HP: 17/19 MP: 3/3
   343 | D:1      | Reached skill level 6 in Bows
  1105 | D:2      | Noticed Jessica
  1110 | D:2      | Killed Jessica
  1110 | D:2      | Reached skill level 7 in Bows
  1110 | D:2      | Reached XP level 3. HP: 22/24 MP: 4/4
  1292 | D:2      | Found a blossoming altar of Fedhas.
  1382 | D:2      | Reached XP level 4. HP: 25/29 MP: 5/5
  1413 | D:2      | Noticed Robin
  1452 | D:2      | Killed Robin
  1982 | D:3      | Reached skill level 8 in Bows
  2667 | D:4      | Reached skill level 5 in Fighting
  2667 | D:4      | Reached skill level 12 in Bows
  2667 | D:4      | Reached XP level 5. HP: 33/41 MP: 6/6
  2679 | D:4      | Noticed a slave
  2679 | D:4      | Noticed a slave
  2699 | D:4      | Killed a slave
  2750 | D:4      | Noticed Pikel
  2759 | D:4      | Noticed a slave
  2769 | D:4      | Slain by Pikel

Vault maps used:
D:1:      saegor_arrival_simple_c, minmay_hedge_maze
D:2:      minmay_misc_feat_chi, fedhas_altar_2, uniq_robin, uniq_jessica
D:4:      lemuel_crystal_altar, minmay_temple_entry_glass, serial_shops,
          kennysheep_mini_moat, st_stairs_8, uniq_pikel

Action                   |  1- 3 |  4- 6 || total
-------------------------+-------+-------++-------
Melee: Short sword       |    87 |    82 ||   169
 Fire: Shortbow          |     5 |    71 ||    76
  Use: Scroll            |       |     9 ||     9
       Potion            |       |     1 ||     1
 Stab: Sleeping          |     3 |     4 ||     7
  Eat: Chunk             |     1 |     4 ||     5
